 Dungeon Crawl Stone Soup version 0.32-a0-791-gfc315c9ecd (webtiles) character file.

Game seed: 14626305439891105376

1 Esekla the Sneak (level 1, 16/16 HPs)
             Began as an Octopode Delver on Mar 20, 2024.
             Quit the game on level 5 of the Dungeon.
             The game lasted 00:01:11 (94 turns).

Esekla the Sneak (Octopode Delver)                    Turns: 94, Time: 00:01:11

Health: 16/16      AC:  1    Str: 11    XL:     1   Next: 20%
Magic:  1/1        EV: 12    Int: 12    God:
Gold:   15         SH:  0    Dex: 13    Spells: 0/0 levels left

rFire   . . .        a - +0 falchion
rCold   . . .        (no shield)
rNeg    . . .        (helmet restricted)
rPois   .            (no amulet)
rElec   .            (no ring)
rCorr   .            (no ring)
SInv    .            (no ring)
Will    .....        (no ring)
Stlth   ++++         (no ring)
HPRegen 0.22/turn    (no ring)
MPRegen 0.07/turn    (no ring)
                     (no ring)

%: no passive effects
@: no status effects
A: almost no armour, amphibious, 8 rings, camouflage 1, gelatinous body 1,
(nimble swimmer 1), tentacles
a: no special abilities


You were on level 5 of the Dungeon.
You visited 1 branch of the dungeon, and saw 1 of its levels.

You collected 15 gold pieces.

Inventory:

Hand Weapons
 a - a +0 falchion (weapon)
Wands
 f - a wand of digging (3)
Scrolls
 b - a scroll of fog
 d - a scroll of fear
Potions
 e - a potion of haste


   Skills:
 * Level 3.0 Fighting
 + Level 2.0 Long Blades
 * Level 2.1 Dodging
 + Level 6.6 Stealth


You couldn't memorise any spells.
You didn't know any spells.
Your spell library was empty.

Dungeon Overview and Level Annotations

Branches:
Dungeon (5/15)
 Temple: D:4-7

Altars:
Sif Muna
Wu Jian
The Shining One


Innate Abilities, Weirdness & Mutations

You cannot wear most types of armour.
You are amphibious.
You can wear up to eight rings at the same time.
Your skin changes colour to match your surroundings (Stealth+).
Your rubbery body absorbs attacks. (AC +1, EV +1)
((You are camouflaged when in or above water. (Stealth+)))
You have tentacles for arms and can constrict up to eight enemies at once.


Message History

Welcome, Esekla the Octopode Delver.
If you return without finding the Orb of Zot, so far below, it's all over!
Press ? for a list of commands and other information.
Found a stone staircase leading down.
As you read the scroll of revelation, it crumbles to dust.
You feel aware of your surroundings.
You sensed 3 altars.
Found a robe.
An ice beast comes into view.
The ice beast moves out of view.
Found 15 gold pieces.
You now have 15 gold pieces.
You open the door.
A quokka comes into view.
There is an open door here.
Found an ornate altar of the Wu Jian Council.
You open the door.
There is an open door here.
You close the door.
You open the door.
There is an open door here.
You close the door.
There is an open door here.
You hit the quokka.
You kill the quokka!
You see here a quokka corpse.
Found a bubbling inky potion.
Found a shimmering blue altar of Sif Muna.
An orc comes into view. It is wielding a +0 short sword.
Found a glowing golden altar of the Shining One.
A bombardier beetle and an orc come into view.
Are you sure you want to abandon this character and quit the game? (Confirm with "yes".)

**,,,,,,*,***,,*+...##,,**
*,,,,,o#.**,,**..#..##,,***
*,,,,,....,,**,.#.#..#*,,,***
***+****....##*,,#._.#..***,,,*
*,,,,,,*,*B...#*,.#.#..#*,,,,,*
**,,,,,*,*,*#..##..#..#*,,**,**
**,,,,,*,*,**#..##...##,.***,*
***+****,*,* ##..##,**,.#***,* *
*,* *,*,* ##@.##*,.##**,,*
***,****,*,* ##..#,....,,,**
**+,,,,,,*,* #..#.....,,**
***,******,* #........,,* *
*,,,,,,,,* #.#......,,******
#################.#..+###*,,,,,,*
#.#...............###..,,+,,<,,,*
..#.############†.# *..#**,,,,,,*
....# #..# *,.# *,,,,,,*


There were no monsters in sight!

Vanquished Creatures
  A quokka (D:5)
1 creature vanquished.

Notes
Turn   | Place    | Note
-------+----------+-------------------------------------------
     0 | D:5      | Esekla the Octopode Delver began the quest for the Orb.
     0 | D:5      | Reached XP level 1. HP: 16/16 MP: 1/1
     2 | D:5      | Noticed an ice beast
    17 | D:5      | Found an ornate altar of the Wu Jian Council.
    65 | D:5      | Found a shimmering blue altar of Sif Muna.
    90 | D:5      | Found a glowing golden altar of the Shining One.
    91 | D:5      | Noticed a bombardier beetle
    94 | D:5      | Quit the game

Illustrated notes

Levels and vault maps discovered:
D:5:      layout_basic, mainiacjoe_overflow_six_doors_small,
          hellmonk_sif_muna_bookshelves, tso_metal_star

Action                     || total
---------------------------++-------
  Melee: Falchion          ||     1
    Use: Scroll            ||     1

Table legend: (Time is in decaauts)
 A = Elapsed time spent in this place.
 B = Non-inter-level travel time spent in this place.
 C = Inter-level travel time spent in this place.
 D = Time resting spent in this place.
 E = Time spent auto-exploring this place.
 F = Levels seen in this place.
 G = Mean time per level.
                   A        B        C        D        E       F      G
               +--------+--------+--------+--------+--------+-----+--------+
         Total |     94 |     94 |      0 |      0 |      0 |   1 |   94.0 |
       Dungeon |     94 |     94 |      0 |      0 |      0 |   1 |   94.0 |
               +--------+--------+--------+--------+--------+-----+--------+

Top non-repeatable levels by time:
     D:5: 94 daAuts
